 Dungeon Crawl Stone Soup version 0.28.0-53-g5a82cb258f (webtiles) character file.

Game seed: 8065428263714059464

118 Sin92 the Skirmisher (level 4, -9/36 HPs)
             Began as a Demonspawn Fighter on Aug 15, 2022.
             Killed by divine providence
             ... invoked by an orc priest
              (15 damage)
             ... on level 3 of the Dungeon.
             The game lasted 00:03:29 (2266 turns).

Sin92 the Skirmisher (Demonspawn Fighter)           Turns: 2266, Time: 00:03:30

Health: -9/36      AC: 11    Str: 14 (16) XL:     4   Next: 72%
Magic:  4/4        EV: 12    Int:  6 (9)  God:
Gold:   73         SH:  4    Dex: 11 (15) Spells: 3/3 levels left

rFire   . . .      SeeInvis .   a - +0 trident (chaos)
rCold   . . .      Faith    .   c - +0 buckler
rNeg    . . .      Spirit   .   b - +0 scale mail
rPois   .          Reflect  .   m - +0 helmet
rElec   .          Harm     .   l - +0 cloak
rCorr   .          Rampage  .   (no gloves)
Will    .....                   (no boots)
Stlth   ..........              (no amulet)
HPRegen 0.12/turn               h - +4 ring of evasion
MPRegen 0.18/turn               (no ring)

@: mighty, silenced (expiring)
A: yellow scales 1, magic regeneration
a: no special abilities


You were on level 3 of the Dungeon.
You visited 1 branch of the dungeon, and saw 3 of its levels.

You collected 73 gold pieces.

Inventory:

Hand Weapons
 a - a +0 trident of chaos (weapon)
Armour
 b - a +0 scale mail (worn)
 c - a +0 buckler (worn)
 l - a +0 cloak (worn)
 m - a +0 helmet (worn)
Jewellery
 h - a +4 ring of evasion (left hand)
Wands
 e - a wand of flame (22)
 k - a wand of polymorph (7)
Potions
 j - a potion of brilliance
 p - a potion of haste


   Skills:
 + Level 3.6 Fighting
 * Level 3.1 Polearms
 + Level 3.2 Armour
 + Level 3.2 Shields


You had 3 spell levels left.
You didn't know any spells.
Your spell library was empty.

Dungeon Overview and Level Annotations

Branches:
Dungeon (3/15)

Altars:
Xom

Shops:
D:2 ([:*   D:3 (

Annotations:
D:3 1 transporter


Innate Abilities, Weirdness & Mutations

You are partially covered in yellow scales. (AC +2)
You regenerate magic rapidly.


Message History

The quasit barely misses you.
The quasit claws you but does no damage.
The quasit misses you.
The shadow imp picks up a beetle and eats it.
The crimson imp blinks!
The orc priest looks satisfied for a moment.
There is an open door here.
You feel much better. The quasit closely misses you. The quasit claws you.
The quasit claws you but does no damage.
The shadow imp puffs mist at you.
The shadow imp grins evilly.
You block the quasit's attack. The quasit claws you.
You feel clumsy. You block the quasit's attack. The shadow imp gestures at you.
Pain shoots through your body!
* * * LOW HITPOINT WARNING * * *
You see here a potion of heal wounds.
Unknown command.
There is a transporter here.
Unknown command.
The quasit closely misses you. x2; The quasit barely misses you.
The quasit bites you but does no damage.
The quasit barely misses you. x2
You see here 15 gold pieces.
You now have 73 gold pieces (gained 15).
The quasit bites you but does no damage.
You block the quasit's attack.
The quasit claws you but does no damage.
The quasit barely misses you. The quasit claws you.
* * * LOW HITPOINT WARNING * * *
The quasit claws you but does no damage.
There is a transporter here.
The quasit closely misses you.
The quasit claws you but does no damage.
The quasit claws you.
* * * LOW HITPOINT WARNING * * *
You feel clumsy.
The orc priest mumbles some strange prayers to Beogh against you.
Beogh smites you!
You die...

#.# #.........# ### #.#
##.############.##### #.#
##.................# ##'##
...###############.# ##...##
.#.#8P#....o5o#≈8#.## ##.....#
...#P.#≈≈≈≈≈≈≈#.P#..## ##.......
...#..#..≈≈≈..#..#...####........
..©#©.'..≈♣≈..55©#©.....+........
>..#..#..≈≈≈..#.@#...####........
..)#P.#≈≈≈≈≈≈≈#.P#..## ##.......
#..#8P#...K555#≈8#.## ##.....#
#..###############.# ##...##
#..................## ##'##
#.##..##.######...#.# #.#
#.###.##.# #....##########.## ..#
#.##.# ##..## #.........##
..###.##.# #)## #.#####>....


You could see a kobold demonologist, 2 orc priests, a quasit (summoned), a
crimson imp (summoned), 3 shadow imps and an ufetubus (summoned).

Vanquished Creatures
  An orc priest (D:3)
  3 adders
  2 dart slugs (D:2)
  3 orcs (D:3)
  5 ball pythons
  4 endoplasms
  2 giant cockroaches
  8 goblins
  4 hobgoblins
  2 quokkas (D:3)
  5 bats
  5 frilled lizards
  5 kobolds
  4 rats
53 creatures vanquished.

Notes
Turn   | Place    | Note
-------+----------+-------------------------------------------
     0 | D:1      | Sin92 the Demonspawn Fighter began the quest for the Orb.
     0 | D:1      | Reached XP level 1. HP: 18/18 MP: 1/1
   344 | D:1      | Gained mutation: You are partially covered in yellow
                  | scales. (AC +2) [demonic ancestry]
   344 | D:1      | Reached XP level 2. HP: 24/24 MP: 2/2
   392 | D:1      | Found a faded altar of an unknown god.
   392 | D:1      | Noticed a red devil
   863 | D:2      | Found Bewk's Armour Shop.
   867 | D:2      | Found Ixyguot's Antique Weapon Emporium.
   926 | D:2      | Gained mutation: You regenerate magic rapidly. [demonic
                  | ancestry]
   926 | D:2      | Reached XP level 3. HP: 29/29 MP: 3/3
  1011 | D:2      | Found Tunaxaung's Book Emporium.
  1103 | D:2      | Found a shimmering altar of Xom.
  1221 | D:2      | Found Gogyalil's Assorted Antiques.
  1360 | D:3      | Reached XP level 4. HP: 29/35 MP: 4/4
  1433 | D:3      | Found Seikh's Weapon Shoppe.
  1743 | D:3      | Found a transporter.
  1744 | D:3      | Noticed a kobold demonologist
  1852 | D:3      | Found a transporter.
  2266 | D:3      | Killed from afar by an orc priest

Illustrated notes

Levels and vault maps discovered:
D:1:      dpeg_arrival_castle, layout_basic,
          dreamdust_ecumenical_altar_sealed_demon, hangedman_decor_lopped,
          amethyst_killhole
D:2:      layout_rooms, serial_shops, nicolae_shop_trees, shop, shop, shop,
          basic_altar
D:3:      gammafunk_wand_slinger, layout_loops_corners, serial_shops,
          nicolae_shop_temple_entry_statues_fountains

Skill      XL: |  1  2  3  4 |
---------------+-------------+-----
Polearms       | 2 3 |  3.1
Shields        | 3 |  3.2
Armour         | 3 |  3.2
Fighting       | |  3.6

Action                   |  1- 3 |  4- 6 || total
-------------------------+-------+-------++-------
Melee: Trident           |    92 |    46 ||   138
  Use: Scroll            |     5 |     6 ||    11
       Potion            |       |     5 ||     5
Armor: Scale mail        |    32 |    20 ||    52
Dodge: Dodged            |    41 |    33 ||    74
Block: Buckler           |    10 |    11 ||    21
